 Dungeon Crawl Stone Soup version 0.31-a0-881-ge136f0c47a (webtiles) character file.

Game seed: 16432730176255122058

5143 CowFu the Brawler (level 10, -1/80 HPs)
             Began as a Ghoul Monk on Oct 15, 2023.
             Was an Initiate of Yredelemnul.
             Shot with an arrow by a centaur warrior (19 damage)
             ... on level 8 of the Dungeon.
             The game lasted 00:13:22 (7037 turns).

CowFu the Brawler (Ghoul Monk)                      Turns: 7037, Time: 00:13:22

Health: -1/80      AC: 10    Str: 20    XL:     10   Next: 58%
Magic:  10/10      EV:  9    Int:  5    God:    Yredelemnul [......]
Gold:   391        SH:  5    Dex: 11    Spells: 9/9 levels left

rFire   . .          .
                       - Unarmed
rCold   + + .        c - orb {light}
rNeg    + + +        d - +0 chain mail
rPois   ∞            J - +0 helmet
rElec   .            (no cloak)
rCorr   .            (no gloves)
SInv    +            (no boots)
Will    .....        s - amulet of reflection Stlth
                     t - ring of protection from cold
HPRegen 0.00/turn    F - ring of see invisible
MPRegen 0.12/turn

%: reflection
@: inhibited regen, glowing, studying Unarmed Combat
A: claws 1, cold resistance 1, negative energy resistance 3, inhibited
regeneration, torment resistance 2, devour on kill
a: Renounce Religion, Recall Undead Harvest


You were on level 8 of the Dungeon.
You worshipped Yredelemnul.
Yredelemnul was noncommittal.
You visited 1 branch of the dungeon, and saw 8 of its levels.
You also visited: Sewer.

You collected 391 gold pieces.

Inventory:

Armour
 c - an orb of light (worn)
 d - a +0 chain mail (worn)
 J - a +0 helmet (worn)
Jewellery
 s - an amulet of reflection (around neck)
 t - a ring of protection from cold (left claw)
 v - a ring of protection from fire
 F - a ring of see invisible (right claw)
 H - a +6 ring of dexterity
Wands
 w - a wand of light (12)
 y - a wand of paralysis (11)
 B - a wand of flame (30)
 D - a wand of mindburst (7)
Scrolls
 g - a scroll of fog
 h - a scroll of blinking
 k - a scroll of poison {unknown}
 l - 4 scrolls of amnesia {unknown}
 m - a scroll of teleportation {unknown}
 n - a scroll of enchant armour {unknown}
 q - 6 scrolls of identify {unknown}
 r - 2 scrolls of immolation
 u - 2 scrolls of noise {unknown}
 A - a scroll of enchant weapon {unknown}
 G - a scroll of fear {unknown}
 I - a scroll of revelation {unknown}
Potions
 a - 2 potions of attraction {unknown}
 b - a potion of ambrosia
 e - a potion of haste {unknown}
 f - 2 potions of degeneration {unknown}
 i - a potion of berserk rage {unknown}
 j - 3 potions of curing {unknown}
 o - 2 potions of mutation {unknown}
 p - 4 potions of brilliance {unknown}
 x - 2 potions of enlightenment {unknown}
 z - a potion of heal wounds {unknown}
 C - 3 potions of lignification {unknown}
 E - 3 potions of might {unknown}


   Skills:
 + Level 4.8 Fighting
 + Level 3.0 Armour
 + Level 4.6 Dodging
 - Level 18.0 Unarmed Combat
 + Level 2.4 Invocations
 + Level 2.0 Evocations


You had 9 spell levels left.
You didn't know any spells.
Your spell library contained the following spells:

 Spells                   Type           Power      Damage    Failure   Level
 Apportation              Tloc           0%         N/A       99%         1
 Necrotise                Necr           0%         1d4       99%         1
 Summon Small Mammal      Summ           0%         N/A       99%         1
 Call Canine Familiar     Summ           0%         N/A       100%        3
 Sigil of Binding         Hex            0%         N/A       100%        3
 Dimensional Bullseye     Hex/Tloc       0%         N/A       100%        4
 Leda's Liquefaction      Hex/Erth       0%         N/A       100%        4


Dungeon Overview and Level Annotations

Branches:
Dungeon (8/15)             Temple (0/1) D:5           Sewer (visited)
   Lair: D:8-11

Altars:
Fedhas
Kikubaaqudgha
Makhleb
Nemelex Xobeh
Sif Muna
Vehumet
Yredelemnul

Shops:
D:1 :   D:3 :   D:4 (


Innate Abilities, Weirdness & Mutations

You are immune to poison.
You have sharp fingernails.
Your flesh is cold resistant. (rC+)
You are immune to negative energy. (rN+++)
You do not regenerate when monsters are visible.
You are immune to unholy pain and torment.
You thrive by killing the living.


Message History

No target in view!
No target in view!
No target in view!
You see here a +0 helmet.
J - a +0 helmet You start putting on your armour.
You continue putting on your +0 helmet. x4
You finish putting on your +0 helmet.
Search for what [? for help]? armor Key pressed, stopping explore.
No target in view!
A centaur warrior comes into view.
The centaur warrior shouts!
You hear a horrible gurgling sound!
You hear two shouts!
The centaur warrior wields a +0 orcbow.
The centaur warrior shoots an arrow.
The arrow hits you!!
You hear two shouts!
A white ugly thing and a two-headed ogre come into view.
Found a clear potion.
The two-headed ogre shouts in stereo!
The centaur warrior shoots an arrow.
The arrow hits you!!
There are monsters nearby!
A two-headed ogre and a bullfrog come into view.
Found 16 gold pieces and a leather armour.
The two-headed ogre shouts in stereo!
You swap places.
The centaur warrior shoots an arrow.
The arrow hits your kobold zombie!!
Your kobold zombie is destroyed!
You swap places.
Your kobold zombie hits the white ugly thing but does no damage.
The white ugly thing completely misses your kobold zombie.
Your kobold zombie hits the white ugly thing but does no damage.
The white ugly thing punches your kobold zombie!
Your kobold zombie is destroyed!
Your orc priest zombie hits the white ugly thing but does no damage.
The centaur warrior shoots an arrow.
The arrow hits you!!
* * * LOW HITPOINT WARNING * * *
The centaur warrior shoots an arrow.
The arrow barely misses you.
The centaur warrior shoots an arrow.
The arrow hits you!!
You die...
You join the legions of the undead harvest.

...)))# ###########.
.....<###)).........
.......Z'Z).).......
#......##)).........###
#.....Z##...........+.#
#...#..##...........#.####
#####..############......
#......................#
####............@......#
#......................# #
.# #.#
####...................#
#. . .#
#####+##........u...# #[
.#... #..............c.##
$#.!.#.
+.....#'###...)...###.#O#.
#.....#.# ##........#


.cO #.....#.# #..#..Z..# #.# ####..)..#Z####..#.....###.##. You could see a
white ugly thing (ally target), a centaur warrior and a friendly orc priest
zombie.

Vanquished Creatures
  Pikel (D:6)
  3 yaks (D:5)
  Menkaure (D:7)
  A water moccasin (D:7)
  2 orc warriors (D:7)
  A sky beast (D:7)
  4 black bears
  An ice beast (D:7)
  The ghost of soul19 the Trooper, an amateur DsFi (D:3)
  A centaur (D:6)
  A lemure (D:6)
  A phantom (D:5)
  3 kobold brigands
  Blork the orc (D:6)
  5 bullfrogs
  5 scorpions
  3 wights (D:8)
  A killer bee (D:7)
  A howler monkey (D:6)
  2 centaur zombies (D:8)
  2 jellies
  3 hounds
  2 gnoll boudas
  2 sleepcaps
  7 orc priests
  Ijyb (D:5)
  Natasha (thrice) (D:2)
  4 iguanas
  8 orc wizards
  Robin (D:2)
  12 gnolls
  10 adders
  2 shadow imps (D:7)
  A white imp (D:7)
  2 ufetubi (D:7)
  4 dart slugs
  27 orcs
  12 endoplasms
  9 giant cockroaches
  18 goblins
  7 hobgoblins
  7 jackals
  10 quokkas
  11 ball pythons
  7 bats
  10 frilled lizards
  20 kobolds
  5 rats
246 creatures vanquished.

Vanquished Creatures (collateral kills)
  A yak (D:5)
  A bullfrog (Sewer)
  5 killer bees (D:7)
  An orc priest (D:5)
  A sleepcap (D:5)
  An iguana (D:5)
  Jessica (D:3)
  2 adders
  3 orcs
  2 giant cockroaches (Sewer)
  A goblin (D:5)
  2 hobgoblins (D:3)
  4 quokkas
  2 ball pythons (Sewer)
  5 frilled lizards
32 creatures vanquished.

Vanquished Creatures (others)
  2 bullfrog zombies (D:7)
  2 scorpion zombies
  2 killer bee zombies (D:7)
  A sky beast zombie (D:7)
  2 hound zombies
  3 adder zombies
  A jelly zombie (D:7)
  A spectral shadow imp (D:7)
  A spectral white imp (D:7)
  3 ball python zombies (Sewer)
  2 giant cockroach zombies (Sewer)
  3 gnoll zombies
  3 goblin zombies (D:5)
  A human zombie (D:3)
  A jackal zombie (D:4)
  5 kobold zombies
  11 orc zombies
  2 quokka zombies
46 creatures vanquished.

Grand Total: 324 creatures vanquished

Notes
Turn   | Place    | Note
-------+----------+-------------------------------------------
     0 | D:1      | CowFu the Ghoul Monk began the quest for the Orb.
     0 | D:1      | Reached XP level 1. HP: 19/19 MP: 0/0
   194 | D:1      | Reached XP level 2. HP: 26/26 MP: 1/1
   209 | D:1      | Reached skill level 4 in Unarmed Combat
   376 | D:1      | Found Tesuer's Book Emporium.
   622 | D:1      | Reached XP level 3. HP: 31/31 MP: 2/2
   836 | D:2      | Noticed Robin
   840 | D:2      | Killed Robin
   841 | D:2      | Reached XP level 4. HP: 39/39 MP: 3/3
   937 | D:2      | Reached skill level 1 in Armour
  1112 | D:2      | Noticed Natasha
  1116 | D:2      | Killed Natasha
  1266 | D:2      | Noticed Natasha
  1274 | D:2      | Killed Natasha
  1275 | D:2      | Reached XP level 5. HP: 39/46 MP: 4/4
  1402 | D:2      | Noticed Natasha
  1407 | D:2      | Killed Natasha
  1408 | D:2      | Reached skill level 5 in Unarmed Combat
  1699 | D:3      | Found Gusix's Book Boutique.
  1707 | D:3      | Found a sparkling altar of Nemelex Xobeh.
  1734 | D:3      | Reached XP level 6. HP: 52/52 MP: 5/5
  1748 | D:3      | Found a runed translucent door.
  2186 | D:3      | Noticed soul19's ghost (amateur DsFi)
  2219 | D:3      | Found a faded altar of an unknown god.
  2234 | D:3      | Prayed at the altar of an unknown god.
  2234 | D:3      | Became a worshipper of Yredelemnul the Dark
  2234 | D:3      | Reached * piety under Yredelemnul
  2234 | D:3      | Reached ** piety under Yredelemnul
  2288 | D:3      | Reached skill level 6 in Unarmed Combat
  2397 | D:3      | Noticed Jessica
  2418 | D:3      | Reached XP level 7. HP: 51/59 MP: 6/6
  2428 | D:3      | Killed Jessica
  2429 | D:3      | Reached skill level 7 in Unarmed Combat
  2555 | D:3      | Reached *** piety under Yredelemnul
  2603 | D:3      | Your ally Jessica died
  2614 | D:3      | Killed soul19's ghost
  2641 | D:3      | Identified a scroll of acquirement
  2641 | D:3      | Acquired a manual of Unarmed Combat
  2723 | D:4      | Found a glowing drain.
  2733 | D:4      | Reached skill level 8 in Unarmed Combat
  2740 | D:4      | Reached skill level 9 in Unarmed Combat
  2752 | Sewer    | Entered a sewer
  3048 | Sewer    | Reached skill level 10 in Unarmed Combat
  3048 | Sewer    | Reached XP level 8. HP: 49/66 MP: 7/7
  3231 | D:4      | Reached skill level 11 in Unarmed Combat
  3397 | D:4      | Found Zipir's Weapon Shop.
  3427 | D:4      | Found a blossoming altar of Fedhas.
  3427 | D:4      | Found a faded altar of an unknown god.
  3435 | D:4      | Found a faded altar of an unknown god.
  3437 | D:4      | Found a burning altar of Makhleb.
  3439 | D:4      | Found a radiant altar of Vehumet.
  3676 | D:4      | Reached skill level 12 in Unarmed Combat
  3682 | D:5      | Entered Level 5 of the Dungeon
  3682 | D:5      | Noticed a yak
  3682 | D:5      | Noticed a yak
  3682 | D:5      | Noticed a yak
  3682 | D:5      | Noticed a yak
  3749 | D:5      | Noticed Ijyb
  3764 | D:5      | Killed Ijyb
  3776 | D:5      | Found a shimmering blue altar of Sif Muna.
  3846 | D:5      | Killed a yak
  3847 | D:5      | Reached skill level 13 in Unarmed Combat
  3851 | D:5      | Killed a yak
  3852 | D:5      | Reached skill level 14 in Unarmed Combat
  3855 | D:5      | Killed a yak
  3856 | D:5      | Reached XP level 9. HP: 17/71 MP: 8/8
  3861 | D:5      | Your ally Ijyb died
  3865 | D:5      | Reached skill level 15 in Unarmed Combat
  4056 | D:5      | Found a staircase to the Ecumenical Temple.
  4650 | D:5      | Reached skill level 16 in Unarmed Combat
  4663 | D:5      | Reached **** piety under Yredelemnul
  4833 | D:5      | Identified the +1 spear "Tuenk" {freeze, Str+2}
  4994 | D:6      | Noticed Pikel
  5003 | D:6      | Killed Pikel
  5004 | D:6      | Reached skill level 17 in Unarmed Combat
  5079 | D:6      | Noticed Blork the orc
  5088 | D:6      | Killed Blork the orc
  5167 | D:6      | Reached XP level 10. HP: 78/78 MP: 9/9
  5338 | D:6      | Reached ***** piety under Yredelemnul
  5705 | D:7      | Reached skill level 18 in Unarmed Combat
  6013 | D:7      | Noticed Menkaure
  6019 | D:7      | Killed Menkaure
  6020 | D:7      | Reached skill level 1 in Invocations
  6112 | D:7      | Reached skill level 1 in Evocations
  7012 | D:8      | Found an ancient bone altar of Kikubaaqudgha.
  7022 | D:8      | Noticed a centaur warrior
  7023 | D:8      | Noticed a white ugly thing
  7023 | D:8      | Noticed a two-headed ogre
  7024 | D:8      | Noticed a two-headed ogre
  7037 | D:8      | Shot with an arrow by a centaur warrior

Illustrated notes

Levels and vault maps discovered:
D:1:      minmay_arrival_jagged, layout_loops_cross, serial_shops, shop,
          serial_bayou_pond_b
D:2:      layout_loops_ring, serial_bayou, serial_bayou_pond_c,
          serial_bayou_pond_d, serial_bayou_lagoon_a, serial_bayou_lake_a,
          serial_bayou_crossing, uniq_robin, uniq_natasha
D:3:      layout_basic, nemelex_spade_bored_becter, ebering_ghost_inner_flame,
          serial_shops, nicolae_shop_peninsula, basic_ecumenical_altar,
          minmay_misc_feat_iff, uniq_jessica
D:4:      layout_cave_pools, chequers_temple_overflow_minitemple,
          portal_sewer_entry_a, serial_shops, kennysheep_mini_moat,
          serial_rivers, chequers_serial_rivers_small_b,
          chequers_serial_rivers_small_3, chequers_serial_rivers_small_b,
          chequers_serial_rivers_small_3, chequers_serial_rivers_micro_c,
          nicolae_shop_firing_range
D:5:      layout_cave_pods, mainiacjoe_overflow_catwalk,
          minmay_temple_entry_wispy, nicolae_goblin_pals
D:6:      layout_cave_pools, uniq_blork_the_orc, uniq_pikel
D:7:      layout_cave_pods, minmay_misc_feat_cross, chequers_avenue,
          uniq_menkaure
D:8:      minmay_bloctagon_deflated, layout_basic, amcnicky_altar_gilded,
          trog_wizard, serial_undead, serial_undead_c, serial_undead_c,
          serial_undead_d, serial_undead_d, water_maze_lemuel, uniq_grum

Skill      XL: |  1  2  3  4  5  6  7  8  9 10 |
---------------+-------------------------------+-----
Unarmed Combat | 4 5 6 10 14 17 18 | 18.0
Armour         | 1 2 3 |  3.0
Dodging        | 3 4 |  4.6
Fighting       | 4 |  4.8
Invocations    | 2 |  2.4
Evocations     | 2 |  2.0

Action                     |  1- 3 |  4- 6 |  7- 9 | 10-12 || total
---------------------------+-------+-------+-------+-------++-------
  Melee: Unarmed           |    85 |   133 |   287 |   126 ||   631
 Invoke: Dark Bargain      |       |     1 |       |       ||     1
         Recall Undead Har |       |       |     1 |     2 ||     3
    Use: Scroll            |       |       |     3 |       ||     3
   Stab: Distracted        |       |       |     3 |     1 ||     4
 Armour: Chain mail        |    64 |    82 |   244 |   107 ||   497
         Robe              |     2 |       |       |       ||     2
  Dodge: Dodged            |    33 |    49 |   109 |    45 ||   236
  Block: Orb               |       |       |    27 |    31 ||    58
         Reflection        |       |       |     2 |       ||     2

Table legend: (Time is in decaauts)
 A = Elapsed time spent in this place.
 B = Non-inter-level travel time spent in this place.
 C = Inter-level travel time spent in this place.
 D = Time resting spent in this place.
 E = Time spent auto-exploring this place.
 F = Levels seen in this place.
 G = Mean time per level.
                   A        B        C        D        E       F      G
               +--------+--------+--------+--------+--------+-----+--------+
         Total |   7043 |   6778 |    265 |      0 |   5066 |   9 |  782.6 |
       Dungeon |   6638 |   6373 |    265 |      0 |   4910 |   8 |  829.8 |
         Sewer |    404 |    404 |      0 |      0 |    156 |   1 |  404.0 |
               +--------+--------+--------+--------+--------+-----+--------+

Top non-repeatable levels by time:
     D:7: 1251 daAuts
     D:5: 1209 daAuts
     D:2: 1116 daAuts
     D:3: 1011 daAuts
     D:1: 726 daAuts
     D:6: 567 daAuts
     D:4: 564 daAuts
   Sewer: 404 daAuts
     D:8: 191 daAuts
